 Dungeon Crawl Stone Soup version 0.24.0-28-g17ded55e90 (webtiles) character file.

Game seed: 13809785717873103249, levelgen mode: deterministic

50 PentaManta the Sneak (level 3, -1/24 HPs)
             Began as an Octopode Assassin on Nov 11, 2019.
             Slain by a centaur (6 damage)
             ... on level 2 of the Dungeon.
             The game lasted 00:01:36 (920 turns).

PentaManta the Sneak (Octopode Assassin)             Turns: 920, Time: 00:01:38

Health: -1/24      AC:  1    Str: 10    XL:     3   Next: 79%
Magic:  3/3        EV: 13    Int: 13    God:
Gold:   69         SH:  0    Dex: 14    Spells: 2/2 levels left

rFire    . . .     SeeInvis .   a - +2 dagger
rCold    . . .     Gourm    .   (no shield)
rNeg     . . .     Faith    .   (helmet restricted)
rPois    .         Spirit   .   (no amulet)
rElec    .         Reflect  .   (no ring)
rCorr    .         Harm     .   (no ring)
MR       .....                  (no ring)
Stlth    ++++......             (no ring)
HPRegen  0.08/turn              (no ring)
MPRegen  0.08/turn              (no ring)
                                (no ring)
                                (no ring)

@: lethally poisoned (-1 -> -7)
A: almost no armour, stealthy swim, amphibious, 8 rings, constrict 8, camouflage
1, gelatinous body 1
a: no special abilities


You were on level 2 of the Dungeon.
You were not hungry.

You visited 1 branch of the dungeon, and saw 2 of its levels.

You collected 69 gold pieces.

Inventory:

Hand Weapons
 a - a +2 dagger (weapon)
Missiles
 b - 29 poisoned darts (quivered)
 c - 2 curare-tipped darts
Scrolls
 g - a scroll of enchant armour {unknown}
 h - 2 scrolls of remove curse {unknown}
 i - a scroll of fear {unknown}
 l - a scroll of amnesia {unknown}
Potions
 e - a potion of curing {unknown}
 f - a potion of lignification {unknown}
 j - 2 potions of invisibility {unknown}
 k - a potion of heal wounds {unknown}
Comestibles
 d - 7 rations


   Skills:
 - Level 2.0 Fighting
 * Level 2.9 Short Blades
 - Level 2.0 Throwing
 * Level 2.2 Dodging
 + Level 5.8 Stealth


You had 2 spell levels left.
You didn't know any spells.
Your spell library was empty.

Dungeon Overview and Level Annotations

Branches:
Dungeon (2/15)

Altars:


Innate Abilities, Weirdness & Mutations

You cannot wear most types of armour.
You are very stealthy in the water. (Stealth+)
You are amphibious.
You can wear up to eight rings at the same time.
You can use your tentacles to constrict eight enemies at once.
Your skin changes colour to match your surroundings (Stealth+).
Your rubbery body absorbs attacks. (AC +1, EV +1)


Message History

The centaur is lightly wounded.
The centaur hits you. The adder barely misses you.
You hit the centaur but do no damage.
The centaur is lightly wounded.
The centaur barely misses you. The adder bites you.
You are poisoned.
The adder poisons you!
You hit the centaur but do no damage. Your squeeze misses the centaur.
The centaur is lightly wounded.
* * * LOW HITPOINT WARNING * * *
You feel sick. The centaur hits you.
* * * LOW HITPOINT WARNING * * *
The adder barely misses you. The centaur closely misses you.
You hit the centaur.
You squeeze the centaur, but do no damage.
The centaur is lightly wounded.
The adder bites you.
* * * LOW HITPOINT WARNING * * *
The centaur hits you.
You die...

#........###.####.......
#.........##............
#......##.###..########.
#......##.###....# #.
#.##.# #........+ #. #.
#. ###......# #.
#.....## #.#####......#
#..@.........#
#.cS........##
#...###.#....... ###.
..#####... #. #### ...
.. .# #. #.


You could see a centaur and an adder.

Vanquished Creatures
  An ooze (D:1)
  A worm (D:2)
  6 dart slugs (D:1)
  A leopard gecko (D:1)
  A giant cockroach (D:1)
  A goblin (D:1)
  4 hobgoblins (D:1)
  A quokka (D:2)
  5 bats
  3 frilled lizards
  5 kobolds
  3 rats (D:1)
32 creatures vanquished.

Notes
Turn   | Place    | Note
-------+----------+-------------------------------------------
     0 | D:1      | PentaManta the Octopode Assassin began the quest for the
                  | Orb.
     0 | D:1      | Reached XP level 1. HP: 14/14 MP: 1/1
    66 | D:1      | Reached XP level 2. HP: 17/19 MP: 2/2
   174 | D:1      | Reached XP level 3. HP: 22/24 MP: 3/3
   911 | D:2      | Noticed a centaur
   920 | D:2      | Slain by a centaur

Levels and vault maps discovered:
D:1:      dpeg_arrival_rooms_c, layout_rooms, serial_forest,
          infiniplex_forest_lined_room_3, infiniplex_forest_clump_double,
          infiniplex_forest_end_1, infiniplex_forest_straight_2,
          infiniplex_forest_end_1, infiniplex_forest_end_3,
          infiniplex_forest_zigzag_1, st_stairs_3, interstate_on_off,
          minmay_distorted
D:2:      layout_rooms, first_ration, kennysheep_generic_room_14

Skill      XL: |  1  2  3 |
---------------+----------+-----
Dodging        | 2 |  2.2
Fighting       | |  2.0
Short Blades   | |  2.9
Throwing       | |  2.0
Stealth        | |  5.8

Action                   || total
-------------------------++-------
Melee: Dagger            ||    68
       Constrict         ||    17
       Tentacles         ||     7
 Stab: Sleeping          ||    12
Armor: Skin              ||     8
Dodge: Dodged            ||    52
